NWL (28 & UNDER)
BALZAC RAMS @ CULVER CITY EXTRAS
09/15/2023
 
TOP OF THE 1ST
Balzac Rams batting - Pitching for Culver City Extras : RHP Chris Marshall
Pitching: RHP Chris Marshall
Batting: RHB Thomas Christopher 0-0: Called Strike
0-1: Ball
1-1: Ground out 5-3 (Groundball, 5S)
Batting: RHB Tokuhei Kobayashi 0-0: Bunted foul
0-1: Called Strike
0-2: Fly out, F7 (Flyball, 78S)
Batting: RHB Kent O'Cloonan 0-0: Called Strike
0-1: Ground out 5-3 (Groundball, 5S)
Top of the 1st over - 0 run(s), 0 hit(s), 0 error(s), 0 left on base; Balzac 0 - Culver City 0
BOTTOM OF THE 1ST
Culver City Extras batting - Pitching for Balzac Rams : RHP Anthony Rigsby
Pitching: RHP Anthony Rigsby
Batting: LHB Nick English 0-0: Foul Ball, location: 2F
0-1: Foul Ball, location: 2F
0-2: Ball
1-2: Ground out 3-1 (Groundball, 34S)
Batting: LHB Richard Bell 0-0: Ball
1-0: Ground out 5-3 (Groundball, 5L)
Batting: LHB Jason Lambert 0-0: SINGLE (Groundball, 4M)
Batting: RHB Bill Little 0-0: Ball
1-0: Called Strike
1-1: Fielders Choice at 2nd, U4 (Groundball, 4M)
Bottom of the 1st over - 0 run(s), 1 hit(s), 0 error(s), 1 left on base; Balzac 0 - Culver City 0
TOP OF THE 2ND
Balzac Rams batting - Pitching for Culver City Extras : RHP Chris Marshall
Batting: SHB Chris Bennis 0-0: Ball
1-0: Foul Ball, location: 2F
1-1: Swinging Strike
1-2: Ball
2-2: Foul Ball, location: 2F
2-2: Strikes out swinging
Batting: LHB José Berroa 0-0: Swinging Strike
0-1: Ball
1-1: Ball
2-1: Called Strike
2-2: Ball
3-2: Strikes out swinging
Batting: LHB Colt Pope 0-0: Ball
1-0: Fly out, F8 (Flyball, 8LM)
Top of the 2nd over - 0 run(s), 0 hit(s), 0 error(s), 0 left on base; Balzac 0 - Culver City 0
BOTTOM OF THE 2ND
Culver City Extras batting - Pitching for Balzac Rams : RHP Anthony Rigsby
Batting: LHB Stan Bates 0-0: Swinging Strike
0-1: Ball
1-1: Foul Ball, location: 2F
1-2: Ball
2-2: SOLO HOME RUN (Line Drive, 89XD), Distance : 436 ft
Batting: RHB Jesús Hernández 0-0: Ball
1-0: Ball
2-0: Swinging Strike
2-1: Foul Ball, location: 2F
2-2: Ball
3-2: Foul Ball, location: 2F
3-2: Foul Ball, location: 2F
3-2: Ground out 5-3 (Groundball, 5S)
Batting: RHB Max Rash 0-0: Ball
1-0: Swinging Strike
1-1: Foul Ball, location: 2F
1-2: SINGLE (Flyball, 8LS)
Batting: RHB Jesús Gonzáles 0-0: Called Strike
0-1: Ball
1-1: Foul Ball, location: 2F
1-2: Foul Ball, location: 2F
1-2: DOUBLE (Line Drive, 7LM)
Max Rash to third
Runner from 3rd tries for Home, SAFE, throw made at trailing runner, SAFE at third!
Batting: RHB Artie Pennington 0-0: Ball
1-0: Ball
2-0: Ground out 4-3 (Groundball, 4M)
Jesús Gonzáles scores
Batting: LHB Nick English 0-0: Ball
1-0: Ground out 4-3 (Groundball, 4)
Bottom of the 2nd over - 3 run(s), 3 hit(s), 0 error(s), 0 left on base; Balzac 0 - Culver City 3
TOP OF THE 3RD
Balzac Rams batting - Pitching for Culver City Extras : RHP Chris Marshall
Batting: RHB Dave Craig 0-0: Ball
1-0: Called Strike
1-1: Ground out 4-3 (Groundball, 4M)
Batting: RHB Manuel Pérez 0-0: Fly out, F9 (Flyball, 9D)
Batting: RHB Shawn Bane 0-0: Swinging Strike
0-1: Ball
1-1: Ball
2-1: Called Strike
2-2: Ball
3-2: Foul Ball, location: 2F
3-2: Base on Balls
Batting: RHB Thomas Christopher 0-0: Ground out U3 (Groundball, 3)
Top of the 3rd over - 0 run(s), 0 hit(s), 0 error(s), 1 left on base; Balzac 0 - Culver City 3
BOTTOM OF THE 3RD
Culver City Extras batting - Pitching for Balzac Rams : RHP Anthony Rigsby
Batting: LHB Richard Bell 0-0: Ground out U3 (Groundball, 3S)
Batting: LHB Jason Lambert 0-0: Ball
1-0: Swinging Strike
1-1: Foul Ball, location: 2F
1-2: Strikes out swinging
Batting: RHB Bill Little 0-0: Ball
1-0: Called Strike
1-1: Ball
2-1: Foul Ball, location: 2F
2-2: Foul Ball, location: 2F
2-2: Fly out, F7 (Flyball, 7M)
Bottom of the 3rd over - 0 run(s), 0 hit(s), 0 error(s), 0 left on base; Balzac 0 - Culver City 3
TOP OF THE 4TH
Balzac Rams batting - Pitching for Culver City Extras : RHP Chris Marshall
Batting: RHB Tokuhei Kobayashi 0-0: Bunt for hit - play at first, batter safe!
Batting: RHB Kent O'Cloonan 0-0: Ball
Tokuhei Kobayashi steals 2nd base
1-0: Ball
2-0: Called Strike
2-1: Foul Ball, location: 2F
2-2: Ball
3-2: Foul Ball, location: 2F
3-2: Base on Balls
Batting: SHB Chris Bennis 0-0: Called Strike
0-1: Ball
1-1: Ball
2-1: Grounds into double play, 5-4-3 (Groundball, 5D)
Tokuhei Kobayashi to third
Batting: LHB José Berroa 0-0: Ball
1-0: Called Strike
1-1: Called Strike
1-2: Ball
2-2: Foul Ball, location: 2F
2-2: Strikes out swinging
Top of the 4th over - 0 run(s), 1 hit(s), 0 error(s), 1 left on base; Balzac 0 - Culver City 3
BOTTOM OF THE 4TH
Culver City Extras batting - Pitching for Balzac Rams : RHP Anthony Rigsby
Batting: LHB Stan Bates 0-0: Swinging Strike
0-1: Ball
1-1: Ball
2-1: Swinging Strike
2-2: Strikes out swinging
Batting: RHB Jesús Hernández 0-0: Fly out, F9 (Flyball, 9M)
Batting: RHB Max Rash 0-0: Ball
1-0: Called Strike
1-1: Reached on Error, E7 (Line Drive, 7M)
Batting: RHB Jesús Gonzáles 0-0: Ball
1-0: Ball
2-0: Ball
3-0: Called Strike
3-1: Ground out 4-3 (Groundball, 34)
Bottom of the 4th over - 0 run(s), 0 hit(s), 1 error(s), 1 left on base; Balzac 0 - Culver City 3
TOP OF THE 5TH
Balzac Rams batting - Pitching for Culver City Extras : RHP Chris Marshall
Batting: LHB Colt Pope 0-0: Called Strike
0-1: Ball
1-1: Ball
2-1: Foul Ball, location: 2F
2-2: Ball
3-2: Foul Ball, location: 2F
3-2: Foul Ball, location: 2F
3-2: Foul Ball, location: 2F
3-2: Strikes out swinging
Batting: RHB Dave Craig 0-0: Swinging Strike
0-1: Ball
1-1: Swinging Strike
1-2: Strikes out swinging
Batting: RHB Manuel Pérez 0-0: Ball
1-0: Ball
2-0: Ground out 5-3 (Groundball, 5)
Top of the 5th over - 0 run(s), 0 hit(s), 0 error(s), 0 left on base; Balzac 0 - Culver City 3
BOTTOM OF THE 5TH
Culver City Extras batting - Pitching for Balzac Rams : RHP Anthony Rigsby
Batting: RHB Artie Pennington 0-0: Called Strike
0-1: Foul Ball, location: 2F
0-2: Foul Ball, location: 2F
0-2: Ball
1-2: Ball
2-2: Foul Ball, location: 2F
2-2: Foul Ball, location: 2F
2-2: Foul Ball, location: 2F
2-2: Fly out, F9 (Popup, 3D)
Batting: LHB Nick English 0-0: Called Strike
0-1: SINGLE (Line Drive, 9S)
Batting: LHB Richard Bell 0-0: Ball
1-0: Ball
2-0: Called Strike
Nick English steals 2nd base
2-1: Ground out 5-3 (Groundball, 5)
Batting: LHB Jason Lambert 0-0: Foul Ball, location: 2F
0-1: Called Strike
0-2: Ball
1-2: DOUBLE (Flyball, 78XD)
Nick English scores
Pitching: RHP T.J. Olson
Batting: RHB Bill Little 0-0: Ball
1-0: Called Strike
1-1: SINGLE (Line Drive, 78S)
Jason Lambert to third
Runner from 3rd tries for Home, SAFE, no throw or cutoff
Batting: LHB Stan Bates 0-0: Ball
1-0: Called Strike
1-1: Ball
2-1: Called Strike
2-2: Foul Ball, location: 2F
2-2: SINGLE (Groundball, 56D) (infield hit)
Bill Little to second
Batting: RHB Jesús Hernández 0-0: Called Strike
0-1: Ball
1-1: Ground out 1-3 (Groundball, 13S)
Bottom of the 5th over - 2 run(s), 4 hit(s), 0 error(s), 2 left on base; Balzac 0 - Culver City 5
TOP OF THE 6TH
Balzac Rams batting - Pitching for Culver City Extras : RHP Chris Marshall
Batting: RHB Shawn Bane 0-0: Ball
1-0: DOUBLE (Line Drive, 8RM)
Batting: RHB Thomas Christopher 0-0: Called Strike
0-1: Ball
1-1: Swinging Strike
1-2: Ball
2-2: Ball
3-2: Base on Balls
Batting: RHB Tokuhei Kobayashi 0-0: Foul Ball, location: 2F
0-1: Ball
1-1: Foul Ball, location: 2F
1-2: Strikes out looking
Batting: RHB Kent O'Cloonan 0-0: Foul Ball, location: 2F
0-1: Foul Ball, location: 2F
0-2: SINGLE (Groundball, 6M)
Shawn Bane to third
Thomas Christopher to second
Runner from 3rd tries for Home, SAFE, throw made home
Thomas Christopher to third
Kent O'Cloonan to second
Batting: SHB Chris Bennis 0-0: Ball
1-0: Foul Ball, location: 2F
1-1: Ball
2-1: Fly out, F7 (Flyball, 78M)
Runner from 3rd tags up, SCORES, no throw
Batting: LHB José Berroa 0-0: Ball
1-0: Ball
2-0: Ball
3-0: Called Strike
3-1: Foul Ball, location: 2F
3-2: Foul Ball, location: 2F
3-2: Base on Balls
Batting: LHB Colt Pope 0-0: Ball
1-0: Fly out, F7 (Flyball, 78M)
Top of the 6th over - 2 run(s), 2 hit(s), 0 error(s), 2 left on base; Balzac 2 - Culver City 5
BOTTOM OF THE 6TH
Culver City Extras batting - Pitching for Balzac Rams : RHP T.J. Olson
Batting: RHB Max Rash 0-0: Ball
1-0: Ball
2-0: Swinging Strike
2-1: Called Strike
2-2: Strikes out swinging
Batting: RHB Jesús Gonzáles 0-0: Ground out 3-1 (Groundball, 34)
Batting: RHB Artie Pennington 0-0: Foul Ball, location: 2F
0-1: Ball
1-1: Called Strike
1-2: Ball
2-2: Ball
3-2: Strikes out swinging
Bottom of the 6th over - 0 run(s), 0 hit(s), 0 error(s), 0 left on base; Balzac 2 - Culver City 5
TOP OF THE 7TH
Balzac Rams batting - Pitching for Culver City Extras : RHP Chris Marshall
Pitching: RHP Pedro Días
Batting: RHB Dave Craig 0-0: Ball
1-0: Ball
2-0: Ball
3-0: Called Strike
3-1: Base on Balls
Batting: RHB Manuel Pérez 0-0: Called Strike
0-1: Swinging Strike
0-2: Ball
1-2: Strikes out looking
Batting: RHB Shawn Bane 0-0: Ball
1-0: Ball
2-0: Ball
3-0: Base on Balls
Dave Craig to second
Batting: RHB Thomas Christopher 0-0: Fly out, F7 (Flyball, 7M)
Batting: RHB Tokuhei Kobayashi 0-0: Ball
1-0: Called Strike
1-1: Called Strike
1-2: Strikes out swinging
Top of the 7th over - 0 run(s), 0 hit(s), 0 error(s), 2 left on base; Balzac 2 - Culver City 5
BOTTOM OF THE 7TH
Culver City Extras batting - Pitching for Balzac Rams : RHP T.J. Olson
Batting: LHB Nick English 0-0: Called Strike
0-1: Fly out, F5 (Popup, 5DF)
Batting: LHB Richard Bell 0-0: Ball
1-0: Ball
2-0: Swinging Strike
2-1: SINGLE (Line Drive, 78S)
Batting: LHB Jason Lambert 0-0: Ball
Richard Bell steals 2nd base
1-0: Intentional Walk
Batting: RHB Bill Little 0-0: Ball
1-0: Fly out, F7 (Flyball, 7M)
Batting: LHB Stan Bates 0-0: Called Strike
0-1: Called Strike
0-2: Ground out 3-1 (Groundball, 34)
Bottom of the 7th over - 0 run(s), 1 hit(s), 0 error(s), 2 left on base; Balzac 2 - Culver City 5
TOP OF THE 8TH
Balzac Rams batting - Pitching for Culver City Extras : RHP Pedro Días
Now at 1B: Bob Magee
Batting: RHB Kent O'Cloonan 0-0: Ball
1-0: Fly out, F6 (Popup, 6MD)
Batting: SHB Chris Bennis 0-0: Called Strike
0-1: Ball
1-1: Ground out 4-3 (Groundball, 4)
Batting: LHB José Berroa 0-0: Ball
1-0: Called Strike
1-1: Ball
2-1: Fly out, F6 (Popup, 6D)
Top of the 8th over - 0 run(s), 0 hit(s), 0 error(s), 0 left on base; Balzac 2 - Culver City 5
BOTTOM OF THE 8TH
Culver City Extras batting - Pitching for Balzac Rams : RHP T.J. Olson
Pitching: LHP Richard Dorris
Batting: RHB Jesús Hernández 0-0: Called Strike
0-1: Ball
1-1: Ball
2-1: Ball
3-1: SINGLE (Line Drive, 78M)
Batting: RHB Max Rash 0-0: Ball
1-0: Bunted foul
1-1: Bunted foul
1-2: DOUBLE (Line Drive, 7LS)
Jesús Hernández to third
Batting: RHB Jesús Gonzáles 0-0: Intentional Walk
Pinch Hitting: LHB Larry Howard 0-0: Ball
1-0: GRAND SLAM HOME RUN (Flyball, 89XD), Distance : 437 ft
Pitching: RHP Ryan Stewart
Batting: LHB Nick English 0-0: Swinging Strike
0-1: SINGLE (Line Drive, 6D)
Batting: LHB Richard Bell 0-0: Ball
1-0: SINGLE (Groundball, 56D)
Nick English to second
Batting: LHB Jason Lambert 0-0: Ball
1-0: Called Strike
1-1: DOUBLE (Line Drive, 8LS)
Nick English scores
Richard Bell to third
Batting: RHB Bill Little 0-0: Fly out, F8 (Flyball, 8RXD)
Runner from 3rd tags up, SCORES, no throw
Batting: RHB Bob Magee 0-0: Ball
1-0: Called Strike
1-1: Fly out, F7 (Flyball, 7M)
Batting: RHB Jesús Hernández 0-0: Ball
1-0: Foul Ball, location: 2F
1-1: Fly out, F7 (Flyball, 7M)
Bottom of the 8th over - 6 run(s), 6 hit(s), 0 error(s), 1 left on base; Balzac 2 - Culver City 11
TOP OF THE 9TH
Balzac Rams batting - Pitching for Culver City Extras : RHP Pedro Días
Now at SS: Salvador Medine
Batting: LHB Colt Pope 0-0: Called Strike
0-1: Called Strike
0-2: Foul Ball, location: 2F
0-2: Ball
1-2: Strikes out swinging
Batting: RHB Dave Craig 0-0: Called Strike
0-1: Fly out, F3 (Popup, 3F)
Batting: RHB Manuel Pérez 0-0: Called Strike
0-1: Ball
1-1: Swinging Strike
1-2: Ball
2-2: Ball
3-2: Strikes out looking
Top of the 9th over - 0 run(s), 0 hit(s), 0 error(s), 0 left on base; Balzac 2 - Culver City 11
This league is powered by Out of the Park Baseball, the baseball management simulation game for PC, Mac and Linux
Wednesday, December 2nd, 2015 - OOTP Baseball 16.8 Build 38